 Dungeon Crawl Stone Soup version 0.30-a0-159-g068b764562 (webtiles) character file.

Game seed: 2917652914409027978

175 blackman the Slasher (level 5, 0/41 HPs)
             Began as a Human Monk on Sept 27, 2022.
             Was an Initiate of Ashenzari.
             Frozen to death by an endoplasm (4 damage)
             ... on level 3 of the Dungeon.
             The game lasted 00:06:04 (2588 turns).

blackman the Slasher (Human Monk)                   Turns: 2588, Time: 00:06:05

Health: 0/41       AC: 19    Str: 11    XL:     5   Next: 85%
Magic:  14/14      EV:  5    Int: 17    God:    Ashenzari [......]
Gold:   110        SH:  0    Dex: 21    Spells: 4/4 levels left

rFire   . . .      SeeInvis .    a - +0 falchion of Ashenzari's Absolutism {Comp, Melee} (curse)
rCold   . . .      Faith    .    (no shield)
rNeg    . . .      Spirit   .    f - +4 chain mail of Wuopres {+Inv Dex+4}
rPois   .          Reflect  .    (no helmet)
rElec   .          Harm     .    (no cloak)
rCorr   .          Rampage  .    (no gloves)
Will    .....                    t - +2 pair of boots
Stlth   ..........               (no amulet)
HPRegen 0.13/turn                r - +4 ring of protection
MPRegen 0.14/turn                x - ring of Happiness {MP+9 Int+6}

@: no status effects
A: no striking features
a: Renounce Religion, Evoke Invisibility, Shatter the Chains


You were on level 3 of the Dungeon.
You worshipped Ashenzari.
Ashenzari was noncommittal.
You visited 1 branch of the dungeon, and saw 3 of its levels.

You collected 110 gold pieces.

Inventory:

Hand Weapons
 a - the cursed +0 falchion of Ashenzari's Absolutism (weapon) {Comp, Melee}

   It has a curse which improves the following skills: Companions: Summonings
   and Necromancy.
   Melee Combat: Short Blades, Long Blades, Axes, Maces & Flails, Polearms,
   Staves and Unarmed Combat.
Missiles
 k - 3 poisoned darts (quivered)
Armour
 b - a +0 robe
 c - a +2 robe of positive energy
 f - the +4 chain mail of Wuopres (worn) {+Inv Dex+4}
   (You found it on level 3 of the Dungeon)

   Dex:       It affects your dexterity (+4).
   +Inv:      It lets you turn invisible.
 t - a +2 pair of boots (worn)
Jewellery
 h - a +6 ring of intelligence
 j - a ring of protection from cold
 r - a +4 ring of protection (left hand)
 x - the ring of Happiness (right hand) {MP+9 Int+6}
   (You found it on level 3 of the Dungeon)

   [ring of magical power]

   Int:       It affects your intelligence (+6).
   MP:        It affects your magic capacity (+9).
Scrolls
 e - a scroll of amnesia {unknown}
 g - a scroll of teleportation {unknown}
 i - 2 scrolls of identify {unknown}
 m - a scroll of blinking {unknown}
 n - a scroll of poison {unknown}
 o - a scroll of silence {unknown}
 s - a scroll of torment {unknown}
 w - a scroll of summoning {unknown}
 y - a scroll of enchant armour {unknown}
Potions
 d - a potion of resistance {unknown}
 l - 2 potions of mutation {unknown}
 p - a potion of haste {unknown}
 q - a potion of flight {unknown}
 u - a potion of degeneration {unknown}
 v - a potion of lignification {unknown}
 z - a potion of might {unknown}
 A - a potion of heal wounds {unknown}


   Skills:
 - Level 3.0 Fighting
 * Level 6.1(6.5) Long Blades
 - Level 3.0 Dodging
 - Level 2.0 Stealth


You had 4 spell levels left.
You didn't know any spells.
Your spell library contained the following spells:

 Spells                   Type           Power      Damage    Failure   Level
 Ignite Poison            Fire/Tmut/Pois 0%         N/A       100%        3
 Sticky Flame             Conj/Fire      0%         2d3       100%        4
 Ignition                 Fire           0%         3d3       100%        8


Dungeon Overview and Level Annotations

Branches:
Dungeon (3/15)

Altars:
Ashenzari
Makhleb


Message History

You are too injured to fight recklessly!
You are too injured to fight recklessly!
You are too injured to fight recklessly!
You are too injured to fight recklessly!
You are too injured to fight recklessly!
You are too injured to fight recklessly!
You are too injured to fight recklessly!
You are too injured to fight recklessly!
You are too injured to fight recklessly!
You completely miss the endoplasm.
The endoplasm hits the fungus.
The endoplasm hits you but does no damage.
The endoplasm hits the fungus.
The endoplasm freezes you.
You are frozen.
* * * LOW HITPOINT WARNING * * *
The jelly barely misses you.
You hit the endoplasm.
The endoplasm is lightly wounded.
A nearby fungus withers and dies.
The endoplasm hits you but does no damage. x2
The jelly hits you but does no damage.
You hit the endoplasm but do no damage.
The endoplasm is lightly wounded.
The endoplasm freezes you.
You are frozen.
* * * LOW HITPOINT WARNING * * *
The endoplasm hits you but does no damage.
The endoplasm freezes you.
You are frozen.
* * * LOW HITPOINT WARNING * * *
The jelly hits you but does no damage.
You hit the endoplasm.
The endoplasm is heavily wounded.
The endoplasm barely misses you. The endoplasm freezes you.
You are frozen.
* * * LOW HITPOINT WARNING * * *
The endoplasm freezes you.
You are frozen.
You die...

####......###..........#
......##### #######....#
......# ###########....#
####..# [........##....#
##.# ...÷.P...##....#
#.# .........#######
####.# .P..÷..JJ#
##....# ...P..JJJ#
......# ......JJ@#
##.#..# #######J##
#....####..)...##
......##.########
#########..'....# #
####....# # #.......# #
#.......# #
#######.....(.#


You could see 2 jellies and 6 endoplasms.

Vanquished Creatures
  A jelly (D:3)
  3 orc wizards (D:3)
  2 adders
  A worm (D:3)
  A dart slug (D:2)
  2 orcs (D:3)
  9 bats
  11 endoplasms
  2 goblins (D:1)
  4 hobgoblins
  4 jackals (D:1)
  10 kobolds
  4 quokkas
  3 ball pythons
  4 frilled lizards
  2 rats
63 creatures vanquished.

Vanquished Creatures (others)
  3 fungi (D:3)
  9 toadstools (D:3)
12 creatures vanquished.

Grand Total: 75 creatures vanquished

Notes
Turn   | Place    | Note
-------+----------+-------------------------------------------
     0 | D:1      | blackman the Human Monk began the quest for the Orb.
     0 | D:1      | Reached XP level 1. HP: 18/18 MP: 1/1
   249 | D:1      | Reached XP level 2. HP: 21/24 MP: 2/2
   354 | D:1      | Reached skill level 4 in Long Blades
   354 | D:1      | Reached XP level 3. HP: 16/29 MP: 3/3
   772 | D:1      | Found a faded altar of an unknown god.
  1147 | D:2      | Reached XP level 4. HP: 16/35 MP: 4/4
  1439 | D:2      | You fall into a shaft and drop 1 floor!
  1537 | D:3      | Found a broken altar of Ashenzari.
  1562 | D:3      | Found a burning altar of Makhleb.
  1571 | D:3      | Identified the ring of Happiness {MP+9 Int+6}
  1615 | D:3      | Reached skill level 5 in Long Blades
  1636 | D:3      | Became a worshipper of Ashenzari the Shackled
  1766 | D:3      | Reached XP level 5. HP: 9/41 MP: 5/5
  1767 | D:3      | HP: 1/41 [something (4)]
  2286 | D:3      | Identified the +4 chain mail of Wuopres {+Inv Dex+4}
  2456 | D:3      | Reached skill level 6 in Long Blades
  2588 | D:3      | Frozen to death by an endoplasm

Illustrated notes

Levels and vault maps discovered:
D:1:      amcnicky_arrival_feature_with_door, layout_loops_ring,
          basic_ecumenical_altar, minmay_ruptured
D:2:      layout_rooms, serial_shops, nicolae_shop_behind_doors,
          minmay_misc_feat_cross, hex_medium, minivault_4,
          guppyfry_early_orc_mine
D:3:      cheibrodos_fertilizer, layout_rooms, evilmike_ruin_ashenzari,
          bloody_makhleb

Skill      XL: |  1  2  3  4  5 |
---------------+----------------+-----
Long Blades    | 4 5 6 |  6.1
Fighting       | |  3.0
Dodging        | |  3.0
Stealth        | |  2.0

Action                   |  1- 3 |  4- 6 || total
-------------------------+-------+-------++-------
Melee: Falchion          |    90 |   129 ||   219
       Punch             |     1 |     1 ||     2
Invok: Curse Item        |       |     1 ||     1
  Use: Potion            |       |     1 ||     1
 Stab: Sleeping          |     1 |     1 ||     2
Armor: Robe              |     1 |       ||     1
       Scale mail        |    45 |    46 ||    91
       Chain mail        |       |    60 ||    60
Dodge: Dodged            |    37 |    58 ||    95

Table legend: (Time is in decaauts)
 A = Elapsed time spent in this place.
 B = Non-inter-level travel time spent in this place.
 C = Inter-level travel time spent in this place.
 D = Time resting spent in this place.
 E = Time spent auto-exploring this place.
 F = Levels seen in this place.
 G = Mean time per level.
                   A        B        C        D        E       F      G
               +--------+--------+--------+--------+--------+-----+--------+
         Total |   2597 |   2477 |    120 |    678 |   1294 |   3 |  865.7 |
       Dungeon |   2597 |   2477 |    120 |    678 |   1294 |   3 |  865.7 |
               +--------+--------+--------+--------+--------+-----+--------+

Top non-repeatable levels by time:
     D:3: 1151 daAuts
     D:1: 1018 daAuts
     D:2: 427 daAuts
